 Dungeon Crawl Stone Soup version 0.23-a0-350-g6fd5563 (webtiles) character file.

93 Garbasso the Cutter (level 4, -2/31 HPs)
             Began as a Halfling Monk on Oct 20, 2018.
             Was an Initiate of Gozag.
             Slain by a worker ant (5 damage)
             ... on level 2 of the Dungeon.
             The game lasted 00:06:14 (2766 turns).

Garbasso the Cutter (Halfling Monk)                 Turns: 2766, Time: 00:06:14

Health: -2/31      AC:  3    Str: 13    XL:     4   Next: 92%
Magic:  4/4        EV: 22    Int:  8    God:    Gozag
Gold:   181        SH:  0    Dex: 21    Spells: 3/3 levels left

rFire    . . .     SeeInvis +   d - +0 dagger
rCold    . . .     Gourm    .   (shield restricted)
rNeg     . . .     Faith    .   n - +0 leather armour
rPois    .         Spirit   .   (no helmet)
rElec    .         Reflect  .   (no cloak)
rCorr    .         Harm     .   (no gloves)
MR       .....                  (no boots)
Stlth    ++++......             (no amulet)
HPRegen  0.10/turn              (no ring)
MPRegen  0.09/turn              (no ring)

@: agile, lethally poisoned (-2 -> -7), hasted, very quick
A: small, see invisible, mutation resistance 1
a: Potion Petition, Call Merchant, Bribe Branch, Renounce Religion


You were on level 2 of the Dungeon.
You worshipped Gozag.
Gozag was aware of your devotion.
You were not hungry.

You visited 1 branch of the dungeon, and saw 3 of its levels.

You collected 181 gold pieces.

Inventory:

Hand Weapons
 a - a +0 short sword
 d - a +0 dagger (weapon)
Missiles
 j - 116 stones
 l - 17 sling bullets
 p - 6 tomahawks (quivered)
Armour
 n - a +0 leather armour (worn)
Scrolls
 e - 4 scrolls of identify {unknown}
 f - a scroll of remove curse {unknown}
Potions
 h - a potion of curing {unknown}
 i - a potion of brilliance {unknown}
 m - a potion of degeneration {unknown}
 o - a potion of ambrosia {unknown}
Comestibles
 c - 3 rations


   Skills:
 + Level 3.1 Fighting
 * Level 4.9 Short Blades
 + Level 3.9 Dodging
 + Level 3.1 Stealth


You had 3 spell levels left.
You didn't know any spells.
Your spell library was empty.

Dungeon Overview and Level Annotations

Branches:
Dungeon (3/15)

Altars:
Gozag
Trog
Xom

Shops:
D:2 *


Innate Abilities, Weirdness & Mutations

You are small and have problems with some larger weapons.
You are somewhat resistant to further mutation.
You have supernaturally acute eyesight. (SInv)


Message History

The worker ant bites you but does no damage.
You closely miss the hobgoblin.
The hobgoblin is almost dead.
* * * LOW HITPOINT WARNING * * *
You feel sick. The hobgoblin misses you. The worker ant barely misses you.
Okay, then.
It was a potion of agility.
You feel agile all of a sudden.
* * * LOW HITPOINT WARNING * * *
You feel sick. The hobgoblin barely misses you.
The worker ant bites you but does no damage.
It was a potion of mutation.
You feel extremely strange.
Your vision sharpens.
The worker ant waves its antennae.
The worker ant barely misses you. The hobgoblin closely misses you.
It was a potion of haste.
You feel yourself speed up.
* * * LOW HITPOINT WARNING * * *
You feel sick. The worker ant bites you.
You die...
Your body crumbles into a pile of gold.

##################
............>..a@#
..........######g#
#########.# #.#
#.# #.# #.# #.# #
#.# #.# # ##.##
##.# # #...# #..#
# #...####.####


You could see a worker ant and a hobgoblin.

Vanquished Creatures
  Jessica (D:2)
  An adder (D:2)
  4 dart slugs
  A leopard gecko (D:2)
  An orc (D:2)
  3 giant cockroaches (D:2)
  4 hobgoblins
  4 jackals
  5 kobolds
  2 quokkas (D:2)
  A ball python (D:2)
  5 bats
  4 frilled lizards
  7 goblins
  3 rats
46 creatures vanquished.

Notes
Turn   | Place    | Note
-------+----------+-------------------------------------------
     0 | D:1      | Garbasso the Halfling Monk began the quest for the Orb.
     0 | D:1      | Reached XP level 1. HP: 15/15 MP: 1/1
   297 | D:1      | Reached XP level 2. HP: 20/20 MP: 2/2
   316 | D:1      | Reached skill level 4 in Short Blades
   763 | D:1      | Reached XP level 3. HP: 20/25 MP: 3/3
  1810 | D:2      | Found a shimmering altar of Xom.
  1891 | D:2      | Found an opulent altar of Gozag.
  1891 | D:2      | Found Gozag's Platinum Reserve.
  2034 | D:2      | Became a worshipper of Gozag Ym Sagoz the Greedy
  2068 | D:2      | Reached XP level 4. HP: 26/31 MP: 4/4
  2185 | D:2      | Noticed Jessica
  2207 | D:2      | Killed Jessica
  2323 | D:2      | Found a bloodstained altar of Trog.
  2765 | D:2      | Gained mutation: You have supernaturally acute eyesight.
                  | (SInv) [potion of mutation]
  2766 | D:2      | Slain by a worker ant

Vault maps used:
D:1:      dpeg_arrival_short_road
D:2:      overflow_temple_1_default, nicolae_gozag_zags_fifth_avenue,
          nicolae_overflow_hidden_temple, minmay_crystal_water, uniq_jessica
D:3:      first_ration

Skill      XL: |  1  2  3  4 |
---------------+-------------+-----
Short Blades   | 4 |  4.9
Fighting       | 3 |  3.1
Stealth        | 3 |  3.1
Dodging        | |  3.9

Action                   |  1- 3 |  4- 6 || total
-------------------------+-------+-------++-------
Melee: Short sword       |    33 |       ||    33
       Dagger            |   163 |    64 ||   227
Throw: Stone             |    25 |     1 ||    26
       Tomahawk          |       |     2 ||     2
  Use: Potion            |       |     3 ||     3
 Stab: Sleeping          |     4 |     3 ||     7
  Eat: Chunk             |     4 |       ||     4
       Ration            |       |     1 ||     1
Armor: Robe              |    20 |       ||    20
       Leather armour    |     4 |     8 ||    12
Dodge: Dodged            |   155 |    34 ||   189

Table legend:
 A = Non-vault XP
 B = Vault XP
 C = Vault XP percentage of total XP
 D = Non-vault monster count
 E = Vault monster count
 F = Vault count percentage of total count
                 A         B        C        D         E       F
            +---------+---------+-------+---------+---------+-------
      Total |      97 |      37 |  27.6 |      45 |       1 |   2.2
            +---------+---------+-------+---------+---------+-------
        D:1 |      38 |       0 |   0.0 |      21 |       0 |   0.0
        D:2 |      59 |      37 |  38.5 |      24 |       1 |   4.0
            +---------+---------+-------+---------+---------+-------
